 Dungeon Crawl Stone Soup version 0.24.0-123-gd5b16e6ec5 (webtiles) character file.

Game seed: 5809917885199028512, levelgen mode: deterministic

128397 Amplified the Whirler (level 17, -4/120 HPs)
             Began as a Halfling Monk on Feb 2, 2020.
             Was the Champion of Ru.
             Killed from afar by a deep elf annihilator (77 damage)
             ... with an iron shot
             ... on level 3 of the Elven Halls on Feb 3, 2020.
             The game lasted 01:09:35 (31742 turns).

Amplified the Whirler (Halfling Monk)              Turns: 31742, Time: 01:09:35

Health: -4/120     AC: 31    Str: 14    XL:     17   Next: 58%
Magic:  23/23      EV: 22    Int: 11    God:    Ru [******]
Gold:   301        SH:  7    Dex: 22    Spells: 8/16 levels left

rFire    + + .     SeeInvis +   T - +9 quick blade (freeze)
rCold    . . .     Gourm    .   a - +0 buckler
rNeg     + + +     Faith    .   J - +11 scale mail of Contentment {rN++}
rPois    +         Spirit   .   D - +2 helmet {SInv}
rElec    +         Reflect  .   k - +1 cloak "Douwnele" {rF+ MR+}
rCorr    .         Harm     .   n - +0 pair of gloves
MR       ++...                  t - +2 pair of boots
Stlth    +++++.....             U - amulet "Girhear" {rF+ rC+ Regen+ Int+3 Slay+3}
HPRegen  0.70/turn              r - ring "Zacsin" {rF+ rN+}
MPRegen  0.18/turn              O - ring of Wiehug {+Fly rElec rPois}

@: very slightly contaminated, invisible
A: small, low mp 1, mutation resistance 1, hated by all, inexperienced 1,
temperature sensitive
a: Draw Out Power, Power Leap, Apocalypse, Renounce Religion, Evoke Flight


You were on level 3 of the Elven Halls.
You worshipped Ru.
Ru was exalted by your worship.
You were not hungry.

You visited 4 branches of the dungeon, and saw 26 of its levels.
You also visited: Bailey, Gauntlet and Ice Cave.

You collected 2710 gold pieces.
You spent 2409 gold pieces at shops.

Inventory:

Hand Weapons
 T - a +9 quick blade of freezing (weapon)
 W - the +9 hand crossbow of the End of Times {velocity, rN+}
   (You found it in an ice cave)

   Any bolt fired from it inflicts extra damage.
   It protects you from negative energy.
Missiles
 y - 83 poisoned darts
 F - 4 curare-tipped darts (quivered)
 H - 6 throwing nets
Armour
 a - a +0 buckler (worn)
 k - the +1 cloak "Douwnele" (worn) {rF+ MR+}
   (You found it on level 5 of the Dungeon)

   It protects you from fire.
   It affects your resistance to hostile enchantments.
 n - a +0 pair of gloves (worn)
 t - a +2 pair of boots (worn)
 D - a +2 helmet of see invisible (worn)
 J - the +11 scale mail of Contentment (worn) {rN++}
   (You found it on level 12 of the Dungeon)

   It greatly protects you from negative energy.
 R - the cursed +0 hat of Poor Excuses {rN++ rCorr Str-5 Int+10}
   (You found it in a Gauntlet)

   It affects your strength (-5).
   It affects your intelligence (+10).
   It greatly protects you from negative energy.
   It provides partial protection from all sources of acid and corrosion.
   It has a curse placed upon it.
Jewellery
 g - the ring "Myteib" {rPois rF+ Dex+2}
   (You found it in a Gauntlet)

   [ring of dexterity]

   It affects your dexterity (+2).
   It protects you from fire.
   It protects you from poison.
 r - the ring "Zacsin" (left hand) {rF+ rN+}
   (You took it off an orc wizard on level 8 of the Dungeon)

   [ring of protection from fire]

   It protects you from fire.
   It protects you from negative energy.
 O - the ring of Wiehug (right hand) {+Fly rElec rPois}
   (You bought it in a shop on level 13 of the Dungeon)

   [ring of flight]

   It insulates you from electricity.
   It protects you from poison.
   It lets you fly.
 U - the amulet "Girhear" (around neck) {rF+ rC+ Regen+ Int+3 Slay+3}
   (You bought it in a shop on level 1 of the Elven Halls)

   [amulet of regeneration]

   It affects your intelligence (+3).
   It affects your accuracy and damage with ranged weapons and melee attacks
   (+3).
   It protects you from fire.
   It protects you from cold.
   It increases your rate of regeneration.
 V - an uncursed ring of protection from cold
 Z - an uncursed ring of flight {unknown}
Wands
 b - a wand of acid (14)
 d - a wand of disintegration (13)
 u - a wand of polymorph (13)
 x - a wand of digging (6)
 z - a wand of paralysis (13)
 B - a wand of random effects (18)
 I - a wand of iceblast (32)
 S - a wand of flame (21)
Scrolls
 f - 4 scrolls of amnesia
 m - 5 scrolls of teleportation
 p - a scroll of enchant weapon
 K - a scroll of remove curse
 L - a scroll of blinking
 M - 7 scrolls of fear
 Q - 2 scrolls of magic mapping
 X - 2 scrolls of identify
Potions
 e - 2 potions of flight
 h - 3 potions of heal wounds
 i - 4 potions of lignification
 j - 3 potions of agility
 l - 2 potions of ambrosia
 o - 4 potions of brilliance
 q - 5 potions of curing
 v - a potion of magic
 w - 4 potions of mutation
 A - a potion of berserk rage
 G - a potion of resistance
 N - a potion of might
Miscellaneous
 C - a lamp of fire (inert)
 E - a box of beasts
Comestibles
 c - 33 rations
 s - 2 chunks of flesh


   Skills:
 * Level 12.3 Fighting
 - Level 10.1 Short Blades
   Level 18.5(21.1) Slings
 - Level 13.4(15.6) Throwing
 * Level 11.4 Armour
 * Level 12.5 Dodging
 * Level 13.9 Stealth
 - Level 5.9 Shields
 * Level 11.5 Evocations


You had 8 spell levels left.
You knew the following spells:

 Your Spells              Type           Power        Failure   Level  Hunger
a - Regeneration          Chrm/Necr      #.........   97%         3    ####...
b - Spectral Weapon       Hex/Chrm       #.......     97%         3    ####...
c - Poisonous Vapours     Pois/Air       #.....       86%         2    ###....

Your spell library contained the following spells:

 Spells                   Type           Power        Failure   Level  Hunger
 Beastly Appendage        Tmut           #.....       73%         1    ##.....
 Infusion                 Chrm           #...         73%         1    ##.....
 Magic Dart               Conj           #...         73%         1    ##.....
 Pain                     Necr           #...         73%         1    ##.....
 Shock                    Conj/Air       #...         73%         1    ##.....
 Blink                    Tloc           N/A          86%         2    ###....
 Shroud of Golubria       Chrm/Tloc      #.....       86%         2    ###....
 Slow                     Hex            #.......     86%         2    ###....
 Song of Slaying          Chrm           #.......     86%         2    ###....
 Swiftness                Chrm/Air       #.......     86%         2    ###....
 Conjure Flame            Conj/Fire      #.......     97%         3    ####...
 Mephitic Cloud           Conj/Pois/Air  #.......     97%         3    ####...
 Spider Form              Tmut/Pois      #.........   97%         3    ####...
 Static Discharge         Conj/Air       #.......     97%         3    ####...
 Vampiric Draining        Necr           #.........   97%         3    ####...
 Airstrike                Air            #.........   100%        4    #####..
 Ice Form                 Ice/Tmut       #.......     100%        4    #####..
 Blade Hands              Tmut           #.........   100%        5    ######.
 Bolt of Magma            Conj/Fire/Erth #.........   100%        5    ######.
 Iskenderun's Battlesphe  Conj/Chrm      #.......     100%        5    ######.
 Lightning Bolt           Conj/Air       #.........   100%        5    ######.
 Venom Bolt               Conj/Pois      #.........   100%        5    ######.
 Freezing Cloud           Conj/Ice/Air   #.........   100%        6    #######
 Iron Shot                Conj/Erth      #.........   100%        6    #######
 Orb of Destruction       Conj           #.........   100%        7    #######
 Ring of Flames           Chrm/Fire      #.........   100%        7    #######
 Animate Skeleton         Necr           Unusable     N/A         1    N/A
 Call Imp                 Summ           Unusable     N/A         2    N/A
 Sticks to Snakes         Tmut           Unusable     N/A         2    N/A
 Animate Dead             Necr           Unusable     N/A         4    N/A
 Spellforged Servitor     Conj/Summ      Unusable     N/A         7    N/A

Dungeon Overview and Level Annotations

Branches:
Dungeon (15/15)            Temple (0/1) D:6            Lair (6/6) D:10
  Swamp (0/4) Lair:3       Spider (0/4) Lair:2        Slime (0/5) Lair:6
    Orc (2/2) D:10            Elf (3/3) Orc:2        Vaults (0/5) D:13
 Depths (0/5) D:15         Bailey (visited)           IceCv (visited)
Gauntlet (visited)

Altars:
Hepliaklqana
Makhleb
Okawaru
Ru
Sif Muna
Uskayaw
Vehumet
Wu Jian
The Shining One
Beogh
Jiyva

Shops:
D:11 *   D:13 =   D:14 =   D:15 ?   Orc:2 }(%*   Elf:1 [((=*   Elf:3 (

Portals:
Trove: D:14 (give +5 ice dragon scales)

Annotations:
D:11 Think for later
D:15 Need cold res
Lair:5 Aww yis, exclusion: oklob plant
Elf:1 Get gloves!
Elf:2 3 runed translucent doors


Innate Abilities, Weirdness & Mutations

You are small and have problems with some larger weapons.
Your magical capacity is low. (-10% MP)
You are somewhat resistant to further mutation.
You are hated by all.
You are somewhat inexperienced. (-2 XL)
You are sensitive to extremes of temperature. (rF-, rC-)


Message History

Press: ? - help, Shift-Dir - straight line, f - deep elf annihilator
Aim: a deep elf annihilator, wielding a +0 long sword You throw a curare-tipped dart.
The curare-tipped dart hits the deep elf annihilator.
The deep elf annihilator is poisoned.
The deep elf annihilator convulses.
The deep elf annihilator seems to slow down.
The deep elf annihilator is lightly wounded.
Unknown command.
Throwing (i - inventory. (/) - cycle)
F - 5 curare-tipped darts (quivered)
Press: ? - help, Shift-Dir - straight line, f/p - deep elf annihilator
Aim: a deep elf annihilator, wielding a +0 long sword (lightly wounded, slow, poisoned)
You throw a curare-tipped dart.
The curare-tipped dart misses the deep elf annihilator.
Unknown command.
You hit the deep elf annihilator. You freeze the deep elf annihilator.
The deep elf annihilator is moderately wounded.
The deep elf annihilator points at you and mumbles some strange words.
The iron shot hits you!!!!
Ouch! That really hurt!
You die...

#.............
#....^........
#.............
##
#.............
#.#
####.......###
## #.#
#.#.......# ##.#
#.# #.##.......#
##...## #.###.#
###'#####
.e#....e####@#.#
#.#
...e.⌠.e)e(##e#
#.#
..#.....##.#.##
#.# ##...###..##
#.# ##.# #.##
#.# ## #.# #.#
#.##### #.#
#.....### #.#
####....####.#


You could see a deep elf annihilator.

Vanquished Creatures
  Rupert (D:12)
  Frances (D:12)
  Agnes (D:15)
  2 deep elf sorcerers (Elf:2)
  Aizul (Elf:2)
  An orc warlord (Orc:2)
  A ghost moth (D:11)
  Azrael (D:13)
  The ghost of Meigy the Severer, a journeyman MiBe of Trog (D:13)
  2 deep elf death magi
  A minotaur (Gauntlet)
  An ettin (D:15)
  A death ooze (Gauntlet)
  Snorg (D:14)
  Josephine (Lair:6)
  Erolcha (D:12)
  3 catoblepae (Lair:6)
  4 hydras
  4 centaur warriors
  A two-headed ogre (D:11)
  13 dancing weapons
  9 death yaks
  A tengu warrior (D:13)
  Urug (D:12)
  A vampire mage (D:15)
  6 orc high priests
  Sonja (D:11)
  Nergalle (Orc:1)
  11 deep elf knights
  2 skeletal warriors (D:15)
  An unseen horror (D:14)
  4 swamp dragons (Lair:5)
  4 deep elf archers (Elf:2)
  2 necromancers
  2 wizards (Gauntlet)
  Pikel (D:4)
  A lindwurm (D:10)
  A stone giant zombie (D:15)
  A wolf spider (D:9)
  10 orc knights (Orc:2)
  3 cyclopes (D:14)
  12 ugly things
  33 deep elf magi
  An orc sorcerer (Orc:2)
  A stone giant skeleton (D:15)
  5 manticores
  A fire giant skeleton (D:15)
  5 centaur zombies
  3 ice statues (IceCv)
  4 black mambas
  10 elephants
  Psyche (D:10)
  7 spiny frogs
  3 rime drakes
  3 kobold demonologists
  7 ice devils (IceCv)
  5 komodo dragons
  A demonic crawler (Lair:2)
  A queen bee (Gauntlet)
  7 trolls
  8 blink frogs
  3 hornets
  An ice dragon zombie (D:15)
  9 dream sheep (Lair:4)
  7 hippogriffs
  3 slime creatures
  2 air elementals (Elf:2)
  A shadow (D:11)
  5 wraiths
  4 wyverns
  9 fire elementals
  56 yaks
  2 water elementals (Elf:1)
  4 hungry ghosts
  3 wargs
  2 steam dragons
  A warg (shapeshifter) (D:15)
  Menkaure (D:4)
  A naga (D:12)
  A swamp worm (Lair:5)
  An acid dragon (D:8)
  2 soldier ants (D:8)
  9 water moccasins
  A hell hound (D:13)
  A hornet zombie (D:11)
  40 orc warriors
  6 porcupines
  2 swamp drakes
  5 ice beasts
  2 black bears
  An eye of draining (D:15)
  5 sky beasts
  5 phantoms
  4 slaves
  13 wolves
  12 ogres
  A centaur (D:5)
  16 crocodiles
  5 big kobolds
  19 bullfrogs
  2 earth elementals
  A wyvern skeleton (D:14)
  6 scorpions
  8 killer bees
  15 wights
  2 bullfrog zombies
  9 howler monkeys
  7 crimson imps
  4 hounds
  A quasit (D:6)
  A bullfrog skeleton (D:10)
  2 draconian simulacra (IceCv)
  A jelly (D:12)
  28 orc priests
  6 centaur skeletons
  14 orc wizards
  A gnoll shaman (D:5)
  2 hell rats (D:10)
  4 iguanas
  3 troll simulacra (IceCv)
  A killer bee zombie (D:7)
  12 worker ants
  3 centaur simulacra
  2 hound zombies
  A worker ant zombie (D:7)
  Robin (D:3)
  8 gnolls
  2 naga simulacra (IceCv)
  An ogre simulacrum (IceCv)
  19 adders
  8 shadow imps
  An ooze (D:7)
  An adder zombie (D:8)
  3 adder skeletons
  4 worms
  A dart slug (D:1)
  7 leopard geckos
  107 orcs
  5 giant cockroaches
  16 goblins
  8 hobgoblins
  7 jackals
  7 quokkas
  A ball python (D:7)
  4 bats
  2 frilled lizards
  23 kobolds
  A leopard gecko skeleton (D:7)
  6 rats
868 creatures vanquished.

Vanquished Creatures (others)
  A death yak (Lair:6)
  2 deep elf magi
  A blink frog (Lair:4)
  A hippogriff (Lair:4)
  A dream sheep (Lair:5)
  A wraith (D:10)
  2 yaks
  An orc warrior (Orc:2)
  A centaur (D:5)
  A crocodile (Lair:1)
  An earth elemental (Elf:3)
  A wyvern skeleton (D:8)
  A centaur zombie (D:9)
  4 orcs
  3 fungi
  3 withered plants
25 creatures vanquished.

Grand Total: 893 creatures vanquished

Notes
Turn   | Place    | Note
-------+----------+-------------------------------------------
     0 | D:1      | Amplified the Halfling Monk began the quest for the Orb.
     0 | D:1      | Reached XP level 1. HP: 15/15 MP: 1/1
   205 | D:1      | Reached XP level 2. HP: 17/20 MP: 2/2
   761 | D:2      | Found an ornate altar of the Wu Jian Council.
   764 | D:2      | Found a burning altar of Makhleb.
   901 | D:2      | Found a radiant altar of Vehumet.
   953 | D:2      | Found a hide-covered altar of Uskayaw.
   956 | D:2      | Reached XP level 3. HP: 24/26 MP: 3/3
   957 | D:2      | Noticed a +0 dagger
   957 | D:2      | Noticed a +0 dagger
  1744 | D:3      | Found a sacrificial altar of Ru.
  1752 | D:3      | Became a worshipper of Ru the Awakened
  1758 | D:3      | Gained mutation: You are hated by all. [Ru sacrifice]
  1758 | D:3      | Reached * piety under Ru
  1811 | D:3      | Noticed Robin
  1827 | D:3      | Reached XP level 4. HP: 31/31 MP: 4/4
  1859 | D:3      | Killed Robin
  1941 | D:3      | Reached skill level 1 in Evocations
  1941 | D:3      | Reached XP level 5. HP: 28/36 MP: 5/5
  2305 | D:4      | Noticed a slave
  2305 | D:4      | Noticed a slave
  2305 | D:4      | Noticed a slave
  2305 | D:4      | Noticed a slave
  2306 | D:4      | Noticed Pikel
  2344 | D:3      | Killed a slave
  2568 | D:3      | Killed a slave
  2635 | D:4      | Noticed Menkaure
  2838 | D:4      | Noticed a sky beast
  2859 | D:4      | Killed a sky beast
  2859 | D:4      | Reached skill level 5 in Short Blades
  2859 | D:4      | Reached XP level 6. HP: 39/43 MP: 7/7
  2979 | D:4      | Noticed an ogre
  3000 | D:4      | Killed an ogre
  3147 | D:4      | Reached XP level 7. HP: 40/48 MP: 8/8
  3278 | D:4      | Killed Pikel
  3278 | D:4      | Reached skill level 5 in Stealth
  3278 | D:4      | Reached XP level 8. HP: 49/54 MP: 8/10
  3392 | D:4      | Found a glowing golden altar of the Shining One.
  3485 | D:4      | Killed Menkaure
  3485 | D:4      | Reached skill level 5 in Fighting
  3959 | D:5      | Entered Level 5 of the Dungeon
  4368 | D:5      | Reached skill level 5 in Dodging
  4368 | D:5      | Reached XP level 9. HP: 56/61 MP: 12/12
  4545 | D:5      | Gained mutation: You are sensitive to extremes of
                  | temperature. (rF-, rC-) [Ru sacrifice]
  4545 | D:5      | Reached ** piety under Ru
  4545 | D:5      | Reached *** piety under Ru
  4545 | D:5      | Reached **** piety under Ru
  4562 | D:5      | Got a dazzling cloak
  4568 | D:5      | Identified the +1 cloak "Douwnele" {rF+ MR+} (You found it
                  | on level 5 of the Dungeon)
  5653 | D:6      | Reached skill level 1 in Shields
  5841 | D:6      | Found a staircase to the Ecumenical Temple.
  5878 | D:6      | Found an iron altar of Okawaru.
  5901 | D:6      | Found a shimmering blue altar of Sif Muna.
  5901 | D:6      | Found a hazy altar of Hepliaklqana.
  6988 | D:8      | Reached XP level 10. HP: 55/69 MP: 10/13
  7269 | D:8      | Reached skill level 5 in Shields
  7633 | D:8      | Noticed a seven-headed hydra
  7639 | D:8      | Identified the ring "Zacsin" {rF+ rN+}
  7993 | D:9      | Reached skill level 10 in Short Blades
  8059 | D:9      | Noticed a two-headed ogre
  8454 | D:9      | Noticed a wolf spider
  8454 | D:9      | a two-headed ogre changed into a wolf spider
  8571 | D:10     | Entered Level 10 of the Dungeon
  8573 | D:10     | Noticed a two-headed ogre
  8625 | D:9      | Killed a wolf spider
  8625 | D:9      | Reached skill level 1 in Armour
  8760 | D:10     | Found a flagged portal.
  8765 | Bailey   | Entered a bailey
  8859 | Bailey   | Noticed an orc high priest
  8885 | Bailey   | Reached skill level 5 in Evocations
  8908 | Bailey   | Noticed a kobold demonologist
  8910 | Bailey   | a kobold demonologist changed into an acid dragon
  9049 | D:8      | Reached XP level 11. HP: 77/77 MP: 14/14
  9228 | D:8      | Learned a level 3 spell: Regeneration
  9232 | D:8      | Learned a level 3 spell: Spectral Weapon
  9706 | D:8      | Noticed a white ugly thing
 10162 | D:8      | Got a translucent glaive
 10925 | D:10     | Noticed a death yak
 10970 | D:10     | Noticed a death yak
 10970 | D:10     | Noticed a death yak
 11022 | D:9      | Killed a death yak
 11234 | D:9      | You fall into a shaft and drop 1 floor!
 11234 | D:10     | Found a staircase to the Orcish Mines.
 11279 | D:10     | Found a staircase to the Lair.
 11354 | D:10     | Noticed a lindwurm
 11354 | D:10     | a two-headed ogre changed into a lindwurm
 11379 | D:10     | Killed a lindwurm
 11441 | D:10     | Killed a death yak
 11577 | D:10     | Killed a death yak
 11659 | D:10     | Noticed Psyche
 11872 | D:10     | Reached XP level 12. HP: 85/85 MP: 16/16
 12065 | D:10     | Reached skill level 5 in Armour
 12196 | D:10     | Killed Psyche
 13247 | D:11     | Noticed Sonja
 13282 | D:11     | Killed Sonja
 13396 | D:11     | Gained mutation: You are somewhat inexperienced. (-2 XL)
                  | [Ru sacrifice]
 13396 | D:11     | Reached XP level 11. HP: 80/80 MP: 16/16
 13396 | D:11     | Reached XP level 10. HP: 74/74 MP: 15/15
 13396 | D:11     | Reached ***** piety under Ru
 13406 | D:11     | Noticed a two-headed ogre
 13419 | D:11     | Killed a two-headed ogre
 13495 | D:11     | Learned a level 2 spell: Poisonous Vapours
 13624 | D:11     | Noticed a seven-headed hydra
 13626 | D:11     | Noticed a ghost moth
 13626 | D:11     | a seven-headed hydra changed into a ghost moth
 13649 | D:11     | Killed a ghost moth
 13649 | D:11     | Reached XP level 11. HP: 63/80 MP: 0/16
 13691 | D:11     | Noticed Maurice
 13740 | D:11     | Noticed Maurice
 13754 | D:11     | Killed Maurice the steam dragon
 13798 | D:11     | Found Debeumyi's General Store.
 13962 | D:11     | Reached skill level 10 in Stealth
 14400 | D:12     | Noticed Erolcha
 14405 | D:12     | Got an ancient robe
 14417 | D:12     | Noticed a manticore
 14440 | D:12     | Identified the +2 robe of Jerphella {MR+ Regen+ Int+3} (You
                  | found it on level 12 of the Dungeon)
 14457 | D:12     | Killed a manticore
 14498 | D:12     | Noticed Rupert
 14532 | D:12     | Noticed Urug
 14533 | D:12     | Noticed Frances
 14546 | D:12     | Killed Frances
 14581 | D:12     | Killed Urug
 14587 | D:12     | Got a dazzling scale mail
 14638 | D:12     | Identified the +11 scale mail of Contentment {rN++} (You
                  | found it on level 12 of the Dungeon)
 14737 | D:12     | Killed Erolcha
 14737 | D:12     | Reached skill level 10 in Fighting
 14737 | D:12     | Reached XP level 12. HP: 85/87 MP: 18/18
 15100 | D:12     | Killed Rupert
 15226 | D:13     | Found Mebbu's Jewellery Boutique.
 15234 | D:13     | Bought the ring of Wiehug {+Fly rElec rPois} for 571 gold
                  | pieces
 15239 | D:13     | Gained mutation: Your magical capacity is low. (-10% MP)
                  | [Ru sacrifice]
 15239 | D:13     | Reached ****** piety under Ru
 15282 | D:13     | You fall into a shaft and drop 2 floors!
 15282 | D:15     | Entered Level 15 of the Dungeon
 15322 | D:15     | Noticed a five-headed hydra
 15392 | D:15     | Found Ydos's Magic Scroll Emporium.
 15437 | D:15     | Noticed a centaur warrior
 15446 | D:15     | Noticed an ettin
 15446 | D:15     | a five-headed hydra changed into an ettin
 15456 | D:15     | Noticed Agnes
 15523 | D:14     | Noticed Azrael
 15552 | D:13     | Noticed a +3 long sword
 15703 | Lair:1   | Entered Level 1 of the Lair of Beasts
 16186 | Lair:1   | Reached skill level 10 in Dodging
 16517 | Lair:2   | Found a hole to the Spider Nest.
 16594 | Lair:2   | Noticed an eight-headed hydra
 16598 | Lair:2   | Killed an eight-headed hydra
 16598 | Lair:2   | Reached XP level 13. HP: 93/93 MP: 17/17
 16766 | Lair:2   | Noticed a five-headed hydra
 16767 | Lair:2   | Identified a scroll of acquirement
 16780 | Lair:2   | Killed a five-headed hydra
 17418 | Lair:3   | Found a staircase to the Swamp.
 18249 | Lair:4   | Reached skill level 1 in Slings
 18270 | Lair:4   | Reached skill level 2 in Slings
 18270 | Lair:4   | Reached skill level 1 in Throwing
 18310 | Lair:4   | Reached skill level 3 in Slings
 18381 | Lair:4   | Reached skill level 4 in Slings
 18499 | Lair:4   | Reached skill level 5 in Slings
 18665 | Lair:4   | Reached skill level 6 in Slings
 18727 | Lair:4   | Reached skill level 7 in Slings
 18756 | Lair:4   | Reached skill level 5 in Throwing
 18822 | Lair:4   | Reached skill level 8 in Slings
 18937 | Lair:4   | Reached skill level 9 in Slings
 19136 | Lair:4   | Reached XP level 14. HP: 82/99 MP: 19/19
 19420 | Lair:5   | Reached skill level 10 in Slings
 19693 | Lair:5   | Reached skill level 11 in Slings
 20089 | Lair:6   | Entered Level 6 of the Lair of Beasts
 20159 | Lair:6   | Reached skill level 12 in Slings
 20186 | Lair:6   | Found a frozen archway.
 20195 | IceCv    | Entered an ice cave
 20651 | IceCv    | Got a slimy hand crossbow
 20675 | IceCv    | Identified the +9 hand crossbow of the End of Times
                  | {velocity, rN+} (You found it in an ice cave)
 20714 | IceCv    | Reached skill level 13 in Slings
 21281 | Lair:6   | Found a viscous altar of Jiyva.
 21282 | Lair:6   | Found a staircase to the Slime Pits.
 21299 | Lair:6   | Noticed Josephine
 21325 | Lair:6   | Reached skill level 10 in Throwing
 21380 | Lair:6   | Killed Josephine
 21495 | Lair:6   | Reached skill level 14 in Slings
 21932 | Lair:6   | Reached skill level 15 in Slings
 22065 | Lair:6   | Reached XP level 15. HP: 78/105 MP: 19/19
 22120 | Lair:6   | Reached skill level 16 in Slings
 22666 | Orc:1    | Entered Level 1 of the Orcish Mines
 22741 | Orc:1    | Noticed Nergalle
 22762 | Orc:1    | Killed Nergalle
 23111 | Orc:2    | Entered Level 2 of the Orcish Mines
 23111 | Orc:2    | Found a gate leading to a gauntlet.
 23115 | Gauntlet | Entered a Gauntlet
 23115 | Gauntlet | Found a transporter.
 23115 | Gauntlet | Found a transporter.
 23119 | Gauntlet | Found a transporter.
 23119 | Gauntlet | Found a transporter.
 23132 | Gauntlet | Found a transporter.
 23141 | Gauntlet | Found a transporter.
 23151 | Gauntlet | Found a transporter.
 23151 | Gauntlet | Found a transporter.
 23155 | Gauntlet | Found a transporter.
 23182 | Gauntlet | Found a transporter.
 23189 | Gauntlet | Found a transporter.
 23207 | Gauntlet | Found a transporter.
 23253 | Gauntlet | Found a transporter.
 23273 | Gauntlet | Found a transporter.
 23367 | Gauntlet | Found a transporter.
 23381 | Gauntlet | Found a transporter.
 23473 | Gauntlet | Reached skill level 17 in Slings
 23574 | Gauntlet | Got a faintly glowing tin ring
 23598 | Gauntlet | Identified the ring "Myteib" {rPois rF+ Dex+2} (You found
                  | it in a Gauntlet)
 23653 | Gauntlet | Got a pitted hat
 23654 | Gauntlet | Identified the cursed +0 hat of Poor Excuses {rN++ rCorr
                  | Str-5 Int+10} (You found it in a Gauntlet)
 23725 | Orc:2    | Noticed an orc warlord
 23765 | Orc:2    | Killed an orc warlord
 23879 | Orc:2    | Reached skill level 18 in Slings
 24930 | Orc:2    | Found a roughly hewn altar of Beogh.
 24956 | Orc:2    | Found a staircase to the Elven Halls.
 25966 | Orc:2    | Found Ungok's Weapon Emporium.
 25969 | Orc:2    | Found Mufeur's Food Shoppe.
 25970 | Orc:2    | Found Coarghe's Gadget Emporium.
 25971 | Orc:2    | Found Nameb's General Store.
 25977 | Orc:2    | Bought 3 scrolls of fear for 126 gold pieces
 25982 | Orc:2    | Bought a wand of acid (8) for 264 gold pieces
 25982 | Orc:2    | Bought a wand of digging (5) for 198 gold pieces
 25982 | Orc:2    | Bought a wand of iceblast (8) for 132 gold pieces
 26459 | D:13     | Found a runed translucent door.
 26459 | D:13     | Noticed Meigy's ghost (journeyman MiBe)
 26511 | D:13     | Killed Meigy's ghost
 26673 | D:13     | Found a gate to the Vaults.
 26709 | D:13     | Reached XP level 16. HP: 112/112 MP: 21/21
 26807 | D:13     | Reached skill level 10 in Evocations
 26971 | D:13     | Killed Azrael
 27118 | D:14     | Found a portal to a secret trove of treasure.
 27372 | D:14     | Found Tob Fuokk's Jewellery Shoppe.
 27372 | D:14     | Noticed Snorg
 27399 | D:14     | Killed Snorg
 27923 | D:15     | Found a staircase to the Depths.
 28068 | D:15     | Reached skill level 10 in Armour
 28322 | D:15     | Killed Agnes
 29346 | Elf:1    | Entered Level 1 of the Elven Halls
 29820 | Elf:1    | Found Xyx Zoar's General Store.
 29820 | Elf:1    | Found Ucoplut's Antique Weapon Shoppe.
 29821 | Elf:1    | Found Umioqanu's Weapon Shoppe.
 29824 | Elf:1    | Found Bolirud's Jewellery Emporium.
 29896 | Elf:1    | Bought the amulet "Girhear" {rF+ rC+ Regen+ Int+3 Slay+3}
                  | for 1118 gold pieces
 30167 | Elf:1    | Found Useaphy's Armour Shoppe.
 30564 | Elf:2    | Reached XP level 17. HP: 119/119 MP: 22/22
 31092 | Elf:2    | Noticed Aizul
 31132 | Elf:2    | Killed Aizul
 31250 | Elf:2    | Found a runed translucent gate.
 31250 | Elf:2    | Found a runed translucent gate.
 31250 | Elf:2    | Found a runed translucent gate.
 31394 | Elf:3    | Entered Level 3 of the Elven Halls
 31517 | Elf:3    | Found Evuppiwn's Antique Weapon Shop.
 31716 | Elf:3    | Noticed a deep elf master archer
 31742 | Elf:3    | Killed from afar by a deep elf annihilator

Levels and vault maps discovered:
D:1:      dpeg_chamrin_arrival_tetris, layout_basic
D:2:      layout_basic, dancing_weapons_uskayaw, fiery_altar_vehumet,
          chequers_temple_overflow_statue_of_worship, roderic_lattice_a
D:3:      layout_loops_ring, nicolae_ru_awakened_eye, uniq_robin
D:4:      layout_basic, tso_metal_star, uniq_menkaure, uniq_pikel
D:5:      layout_basic, first_ration, minmay_fractal_squares_5
D:6:      layout_cave_pools, amethyst_overflow_temple_binary,
          minmay_temple_entry_fiery, serial_park_tiny_pond, okawaru_gym_becter
D:7:      layout_loops_corners
D:8:      minmay_the_grid_triangle_9x9_rhombus_thin
          [minmay_the_grid_triangle_9x9_cache,
          minmay_the_grid_triangle_9x9_prize_center,
          minmay_the_grid_triangle_9x9_negative_grid,
          minmay_the_grid_triangle_9x9_stretched_checkered], layout_basic,
          hangedman_pestilent_swarm, minmay_small_thing
D:9:      layout_irregular_city, minmay_holes
D:10:     layout_gridville, dpeg_lair_monsters, erik_orc_1, enter_bailey_3,
          uniq_psyche
D:11:     layout_stronghold, serial_shops, shop, uniq_maurice, uniq_sonja
D:12:     layout_roguey, uniq_erolcha, uniq_frances, uniq_urug, uniq_rupert
D:13:     layout_rooms, erik_vaults_1, serial_shops, shop, gammafunk_ghost_grave
D:14:     layout_loops_ring, serial_shops, shop,
          nicolae_trove_entry_free_sample, uniq_snorg, uniq_azrael
D:15:     gammafunk_depths_entry_grave, layout_basic, serial_shops, shop,
          chequers_serial_rivers_micro_e, uniq_agnes
Lair:1:   layout_gridlike
Lair:2:   layout_hall_layers, nicolae_spider_entry_non_spiders
Lair:3:   layout_chaotic_city, swamp_mist_pool, serial_bayou_pond_b
Lair:4:   layout_concentric_octagons, patterned_corridor
Lair:5:   onia_ninara_swampy_vault, layout_long_grid, lemuel_fruit_fields,
          minmay_lair_oklob_chamber
Lair:6:   evilmike_catoblepas_cave, layout_gridlike,
          dpeg_slime_entry_enclosed_altar, portal_ice_cave_entry_pillars_2,
          minivault_24, serial_bayou_shore_b, uniq_josephine
Orc:1:    layout_diamond_mine, uniq_nergalle
Orc:2:    st_orc_pillars, layout_caves, gauntlet_entry_generic, basic_altar
Elf:1:    elf_arrival_002, layout_geoelf_grid, serial_shops, shop_fountains,
          minmay_elf_crystal_hexagon, st_stairs_4, minmay_shoptagon
Elf:2:    layout_loops_cross, uniq_aizul
Elf:3:    grunt_elf_hall_diamonds, layout_geoelf_grid, serial_shops,
          nicolae_shop_statue_plus

Skill      XL: |  1  2  3  4  5  6  7  8  9 10 11 12 13 14 15 16 17 |
---------------+----------------------------------------------------+-----
Fighting       | 3 4 5 6 8 10 11 12 | 12.3
Short Blades   | 4 5 6 7 8 10 | 10.1
Stealth        | 3 4 5 6 7 10 11 12 13 | 13.9
Evocations     | 1 2 3 4 5 8 9 10 11 | 11.5
Dodging        | 4 5 9 10 11 12 | 12.5
Shields        | 3 5 |  5.9
Armour         | 6 7 8 9 10 11 | 11.4
Slings         | 9 15 18 | 18.5
Throwing       | 6 11 13 | 13.4

Action                   |  1- 3 |  4- 6 |  7- 9 | 10-12 | 13-15 | 16-18 || total
-------------------------+-------+-------+-------+-------+-------+-------++-------
Melee: Short sword       |    49 |       |       |       |       |       ||    49
       Dagger            |    48 |   135 |   453 |  1675 |     2 |       ||  2313
       Whip              |       |       |   142 |   313 |       |       ||   455
       Unarmed           |       |       |       |    19 |       |       ||    19
       Quick blade       |       |       |       |       |  2191 |  1017 ||  3208
       Long sword        |       |       |       |       |    39 |       ||    39
Throw: Dart              |       |       |       |    45 |     7 |     5 ||    57
Invok: Sacrifice Love    |     1 |       |       |       |       |       ||     1
       Sacrifice Resista |       |       |     1 |       |       |       ||     1
       Reject Sacrifices |       |       |     1 |       |       |       ||     1
       Sacrifice Experie |       |       |       |     1 |       |       ||     1
       Power Leap        |       |       |       |     2 |       |       ||     2
       Draw Out Power    |       |       |       |     1 |     4 |     1 ||     6
       Sacrifice Essence |       |       |       |     1 |       |       ||     1
Evoke: Wand              |       |     7 |    11 |    41 |    19 |     9 ||    87
       Lamp of fire      |       |       |       |       |     1 |     2 ||     3
  Use: Scroll            |     5 |     2 |    12 |    18 |    22 |     6 ||    65
       Potion            |     2 |     1 |     3 |    10 |     5 |     5 ||    26
 Stab: Sleeping          |     4 |     3 |    11 |    58 |    24 |     9 ||   109
       Distracted        |       |     1 |     4 |     7 |    14 |     6 ||    32
       Invisible         |       |       |     2 |    13 |    20 |     2 ||    37
       Paralysed         |       |       |       |     1 |     4 |       ||     5
  Eat: Ration            |     1 |     1 |     1 |     3 |     6 |     4 ||    16
       Chunk             |       |     1 |     8 |    27 |    13 |     2 ||    51
Armor: Robe              |    12 |    22 |    74 |   114 |       |       ||   222
       Skin              |       |       |       |     7 |       |       ||     7
       Scale mail        |       |       |       |    57 |   216 |    93 ||   366
Dodge: Dodged            |    60 |    66 |   353 |   826 |   577 |   222 ||  2104
Block: Buckler           |       |       |    49 |   365 |   249 |    99 ||   762
       Rpst.: Long sword |       |       |       |       |     3 |       ||     3
